 Dungeon Crawl Stone Soup version 0.27-a0-279-gdfb9265905 (webtiles) character file.

Game seed: 4604020305463253334

1670 gimp the Ruffian (level 8, -6/79 HPs)
             Began as a Troll Earth Elementalist on Feb 7, 2021.
             Was an Initiate of Gozag.
             Mangled by an ogre
             ... wielding a +0 giant spiked club
              (21 damage)
             ... on level 7 of the Dungeon.
             The game lasted 00:15:43 (5564 turns).

gimp the Ruffian (Troll Earth Elementalist)         Turns: 5564, Time: 00:15:44

Health: -6/79      AC:  6    Str: 18    XL:     8   Next: 69%
Magic:  17/17      EV:  7    Int: 12    God:    Gozag
Gold:   678        SH:  7    Dex: 10    Spells: 8/9 levels left

rFire    . . .     SeeInvis +     - Unarmed
rCold    . . .     Faith    .   C - +0 kite shield
rNeg     . . .     Spirit   .   c - +0 robe
rPois    .         Reflect  .   (helmet restricted)
rElec    .         Harm     .   (no cloak)
rCorr    .         Rampage  .   (gloves unavailable)
Will     .....                  (boots unavailable)
Stlth    +.........             G - amulet of magic regeneration (curse)
HPRegen  0.63/turn              x - ring of magical power
MPRegen  0.40/turn              y - ring of see invisible

@: very slow
A: large, unfitting armour, claws 3, regeneration 1, shaggy fur 1, tough skin 3
a: Renounce Religion, Potion Petition, Call Merchant, Bribe Branch


You were on level 7 of the Dungeon.
You worshipped Gozag.
Gozag was pleased with you.
You visited 2 branches of the dungeon, and saw 8 of its levels.

You collected 764 gold pieces.
You paid 86 gold pieces to Gozag.

Inventory:

Missiles
 b - 159 stones
 q - 9 javelins
 r - 3 large rocks
 D - 14 poisoned darts
 E - a throwing net
Armour
 c - a +0 robe (worn)
 C - a +0 kite shield (worn)
Jewellery
 f - an uncursed ring of ice
 m - an uncursed ring of ice
 x - a ring of magical power (left claw)
 y - a ring of see invisible (right claw)
 G - a cursed amulet of magic regeneration (around neck)
Wands
 t - a wand of flame (21)
Scrolls
 a - 3 scrolls of fog {unknown}
 d - 2 scrolls of enchant armour {unknown}
 g - 5 scrolls of identify {unknown}
 h - 4 scrolls of fear {unknown}
 k - a scroll of magic mapping {unknown}
 n - a scroll of noise {unknown}
 o - 4 scrolls of amnesia {unknown}
 p - 7 scrolls of remove curse {unknown}
 w - 2 scrolls of blinking {unknown}
 z - a scroll of immolation {unknown}
 A - 2 scrolls of enchant weapon {unknown}
 F - a scroll of teleportation {unknown}
Potions
 e - 2 potions of curing
 i - 2 potions of heal wounds
 j - a potion of degeneration
 l - 2 potions of flight {unknown}
 s - 2 potions of magic {unknown}
 u - a potion of resistance {unknown}
 v - a potion of brilliance {unknown}
 B - a potion of haste {unknown}


   Skills:
 + Level 4.4 Fighting
 - Level 1.5 Dodging
 - Level 1.0 Stealth
 + Level 1.8 Shields
 * Level 7.8 Unarmed Combat
 - Level 1.2 Spellcasting
 - Level 0.6 Transmutations
 - Level 5.2 Earth Magic


You had 8 spell levels left.
You knew the following spells:

 Your Spells              Type           Power        Failure   Level
a - Sandblast             Erth           26%          16%         1

Your spell library contained the following spells:

 Spells                   Type           Power        Failure   Level
 Passwall                 Tmut/Erth      5%           54%         2
 Stone Arrow              Conj/Erth      12%          82%         3
 Petrify                  Tmut/Erth      7%           99%         4
 Lee's Rapid Deconstruct  Erth           6%           99%         5


Dungeon Overview and Level Annotations

Branches:
Dungeon (7/15)             Temple (1/1) D:4

Altars:
Ashenzari
Cheibriados
Dithmenos
Elyvilon
Fedhas
Gozag
Hepliaklqana
Kikubaaqudgha
Makhleb
Nemelex Xobeh
Okawaru
Qazlal
Ru
Sif Muna
Trog
Uskayaw
Vehumet
Wu Jian
Xom
Yredelemnul
Zin
The Shining One

Shops:
D:6 :


Innate Abilities, Weirdness & Mutations

You are too large for most types of armour.
You have claws for hands.
Your natural rate of healing is unusually fast.
You are covered in fur. (AC +1)
You have extremely tough skin. (AC +3)


Message History

An ogre is nearby!
An ogre is nearby!
You scratch the ogre.
The ogre is lightly wounded.
The ogre hits you with a +0 giant spiked club!
You take 11 damage, and have 68/79 hp.
You claw the ogre!
The ogre is heavily wounded.
The ogre hits you with a +0 giant spiked club!!
You take 31 damage, and have 37/79 hp.
MASSIVE DAMAGE!!
You are too injured to fight recklessly!
You are too injured to fight recklessly!
You are too injured to fight recklessly!
The ogre hits you with a +0 giant spiked club!!
* * * LOW HITPOINT WARNING * * *
You take 28 damage, and have 10/79 hp.
MASSIVE DAMAGE!!
The ogre closely misses you.
The ogre hits you with a +0 giant spiked club!!
You die...
Your body crumbles into a pile of gold.

.........#≈#≈≈###≈# #.#.......
#######.##≈##≈# #≈## #.#.......
### #.##≈##≈# #≈≈## ##.##.....#
#... ##.##≈##≈# #≈≈≈###..####.###
#)..##<..#≈##≈###≈≈≈#............
#.......##≈≈####≈≈#≈########.....
###.....##≈≈# ##≈≈#≈# #.###.
+.....##≈≈# #≈≈#### #.# #.
#......##≈# #≈@# .. ..# #.
#....#..#≈# #≈O# .# #### #.
#######.#≈# ##≈# .# #> #...# #≈##
.# ## ##### #≈≈# .# #≈≈##.#
##≈≈#.# #≈≈≈.# ##≈..#


You could see an ogre.

Vanquished Creatures
  Grinder (D:4)
  Sigmund (D:4)
  Menkaure (D:6)
  A black bear (D:7)
  A centaur (D:5)
  A phantom (D:4)
  3 bullfrogs
  3 howler monkeys (D:4)
  2 hounds
  2 orc priests
  A jelly (D:5)
  A centaur skeleton (D:6)
  2 iguanas (D:4)
  2 orc wizards
  4 worker ants
  A hound zombie (D:7)
  A howler monkey zombie (D:6)
  A worker ant zombie (D:5)
  4 gnolls (D:7)
  6 adders
  2 shadow imps (D:5)
  A white imp (D:5)
  An ooze (D:1)
  An adder zombie (D:7)
  An adder skeleton (D:4)
  2 worms
  2 dart slugs
  4 leopard geckos
  29 orcs
  A ball python (D:5)
  2 giant cockroaches
  2 goblins
  4 hobgoblins
  6 jackals
  2 quokkas
  5 bats
  2 frilled lizards
  7 kobolds
  4 rats
117 creatures vanquished.

Notes
Turn   | Place    | Note
-------+----------+-------------------------------------------
     0 | D:1      | gimp the Troll Earth Elementalist began the quest for the
                  | Orb.
     0 | D:1      | Reached XP level 1. HP: 16/16 MP: 1/1
   157 | D:1      | Reached skill level 1 in Unarmed Combat
   157 | D:1      | Reached XP level 2. HP: 26/26 MP: 2/2
   910 | D:2      | Reached XP level 3. HP: 27/32 MP: 3/3
  1235 | D:2      | Found a stormy altar of Qazlal.
  1349 | D:3      | Reached skill level 1 in Fighting
  1349 | D:3      | Reached skill level 2 in Unarmed Combat
  1393 | D:3      | Reached XP level 4. HP: 29/41 MP: 4/4
  1592 | D:3      | Reached skill level 3 in Unarmed Combat
  1846 | D:3      | Reached XP level 5. HP: 48/48 MP: 5/5
  2405 | D:4      | Noticed Menkaure
  2415 | D:4      | Reached skill level 4 in Unarmed Combat
  2416 | D:4      | HP: 2/49 [Menkaure/nerve-wracking pain (12)]
  2440 | D:4      | Noticed a phantom
  2493 | D:4      | Found a staircase to the Ecumenical Temple.
  2518 | Temple   | Entered the Ecumenical Temple
  2580 | Temple   | Became a worshipper of Gozag Ym Sagoz the Greedy
  2694 | D:4      | Reached XP level 6. HP: 45/57 MP: 6/6
  3180 | D:4      | Noticed Sigmund
  3239 | D:4      | Killed Sigmund
  3240 | D:4      | Reached skill level 5 in Unarmed Combat
  3240 | D:4      | Reached XP level 7. HP: 43/67 MP: 7/7
  3414 | D:4      | Noticed Grinder
  3426 | D:4      | Killed Grinder
  3427 | D:4      | Reached skill level 6 in Unarmed Combat
  3579 | D:5      | Entered Level 5 of the Dungeon
  3776 | D:5      | Reached skill level 5 in Earth Magic
  3776 | D:5      | Reached XP level 8. HP: 72/75 MP: 8/8
  4515 | D:6      | Killed Menkaure
  4516 | D:6      | Reached skill level 7 in Unarmed Combat
  4544 | D:6      | Found a white marble altar of Elyvilon.
  4762 | D:6      | Found Kouk Vaapno's Book Emporium.
  5055 | D:7      | Reached skill level 1 in Shields
  5191 | D:7      | Found a hide-covered altar of Uskayaw.
  5564 | D:7      | Mangled by an ogre

Illustrated notes

Levels and vault maps discovered:
D:1:      nagdon_arrival_zigzag_paths, layout_loops_ring, minmay_cupped
D:2:      cheibrodos_helix_gallery, layout_rooms, minmay_misc_feat_alley,
          nicolae_qazlal_general_emergency
D:3:      layout_loops_cross
D:4:      layout_loops_ring, temple_pool_b, uniq_sigmund, uniq_menkaure,
          uniq_grinder
D:5:      layout_loops_ring
D:6:      layout_loops_cross, serial_shops, kennysheep_mini, basic_altar
D:7:      layout_basic, old_standard_altar, grunt_ministairs_14,
          chequers_serial_rivers_large_b
Temple:   grunt_wide_crystal_templ

Skill      XL: |  1  2  3  4  5  6  7  8 |
---------------+-------------------------+-----
Unarmed Combat | 1 2 3 4 5 6 7 |  7.8
Earth Magic    | 3 4 5 |  5.2
Fighting       | 1 2 3 4 |  4.4
Shields        | 1 |  1.8
Dodging        | |  1.5
Stealth        | |  1.0
Spellcasting   | |  1.2
Transmutations | |  0.6

Action                   |  1- 3 |  4- 6 |  7- 9 || total
-------------------------+-------+-------+-------++-------
Melee: Unarmed           |   109 |   150 |   143 ||   402
       Punch             |       |     2 |     1 ||     3
 Cast: Sandblast         |       |    18 |       ||    18
  Use: Potion            |       |     3 |       ||     3
 Stab: Sleeping          |     3 |       |     1 ||     4
       Distracted        |       |       |     1 ||     1
Armor: Robe              |    66 |    39 |    37 ||   142
Dodge: Dodged            |    57 |    58 |    41 ||   156
Block: Kite shield       |       |       |    27 ||    27

Table legend: (Time is in decaauts)
 A = Elapsed time spent in this place.
 B = Non-inter-level travel time spent in this place.
 C = Inter-level travel time spent in this place.
 D = Time resting spent in this place.
 E = Time spent auto-exploring this place.
 F = Levels seen in this place.
 G = Mean time per level.
                   A        B        C        D        E       F      G
               +--------+--------+--------+--------+--------+-----+--------+
         Total |   5581 |   5399 |    182 |     68 |   4306 |   8 |  697.6 |
       Dungeon |   5513 |   5335 |    178 |     68 |   4258 |   7 |  787.6 |
        Temple |     67 |     63 |      4 |      0 |     48 |   1 |   67.0 |
               +--------+--------+--------+--------+--------+-----+--------+

Top non-repeatable levels by time:
     D:4: 1093 daAuts
     D:3: 1000 daAuts
     D:6: 736 daAuts
     D:5: 718 daAuts
     D:1: 707 daAuts
     D:2: 696 daAuts
     D:7: 561 daAuts
  Temple: 67 daAuts
